 Dungeon Crawl Stone Soup version 0.25-a0-1113-g0499d652a8 (webtiles) character file.

Game seed: 13957739455841922456, levelgen mode: deterministic

78047 BattleRest the Warrior (level 15, -10/143 HPs)
             Began as a Minotaur Fighter on May 16, 2020.
             Was a High Priest of Okawaru.
             Mangled by an orc knight
             ... wielding a +0 battleaxe
              (23 damage)
             ... on level 11 of the Dungeon.
             The game lasted 01:29:24 (25983 turns).

BattleRest the Warrior (Minotaur Fighter)          Turns: 25983, Time: 01:29:26

Health: -10/143    AC: 24    Str: 31    XL:     15   Next: 17%
Magic:  14/14      EV:  6    Int: 12    God:    Okawaru [*****.]
Gold:   2864       SH: 25    Dex: 19    Spells: 7/14 levels left

rFire    . . .     SeeInvis .   H - +2 mace "Impbane" {vorpal, *Contam Int+7}
rCold    . . .     Gourm    .   e - -3 tower shield "Fuqal" {Dex+4}
rNeg     + . .     Faith    .   u - +1 plate armour
rPois    +         Spirit   .   c - +2 hat
rElec    .         Reflect  +   C - scarf {repulsion}
rCorr    .         Harm     .   a - +1 pair of gloves
MR       +....                  L - +0 pair of boots of the Shining Light {rN+ Dex+5}
Stlth    ..........             s - amulet of reflection
HPRegen  0.33/turn              y - +6 ring of strength
MPRegen  0.14/turn              P - ring of poison resistance

@: repel missiles
A: retaliatory headbutt, horns 2, blurry vision 1, clumsy 1
a: Heroism, Finesse, Renounce Religion


You were on level 11 of the Dungeon.
You worshipped Okawaru.
Okawaru was extremely pleased with you.
You were not hungry.

You visited 4 branches of the dungeon, and saw 21 of its levels.
You also visited: Volcano.

You collected 2864 gold pieces.

Inventory:

Hand Weapons
 H - the +2 mace "Impbane" (weapon) {vorpal, *Contam Int+7}
   (You found it on level 6 of the Dungeon)

   It inflicts extra damage upon your enemies.
   It affects your intelligence (+7).
   It causes magical contamination when unequipped.
Armour
 a - a +1 pair of gloves (worn)
 c - a +2 hat (worn)
 e - the -3 tower shield "Fuqal" (worn) {Dex+4}
   (Okawaru gifted it to you on level 6 of the Lair of Beasts)

   It affects your dexterity (+4).
 m - a scarf of resistance
 t - a +2 kite shield of reflection
 u - a +1 plate armour (worn)
 C - a scarf of repulsion (worn)
 L - the +0 pair of boots of the Shining Light (worn) {rN+ Dex+5}
   (You acquired it on level 2 of the Lair of Beasts)

   It affects your dexterity (+5).
   It protects you from negative energy.
 U - a +2 chain mail of fire resistance
Jewellery
 o - an uncursed ring of positive energy
 s - an amulet of reflection (around neck)
 y - a +6 ring of strength (left hand)
 M - an uncursed ring of protection from fire
 P - a ring of poison resistance (right hand)
Wands
 b - a wand of digging (8)
 q - a wand of polymorph (11)
Scrolls
 g - 4 scrolls of enchant weapon
 j - 10 scrolls of remove curse
 l - 10 scrolls of teleportation
 p - 2 scrolls of enchant armour
 r - a scroll of fog
 v - 2 scrolls of amnesia
 x - 3 scrolls of identify
 I - 4 scrolls of magic mapping
 V - a scroll of fear
Potions
 d - 2 potions of might
 h - 15 potions of curing
 i - 5 potions of brilliance
 k - 3 potions of cancellation
 w - 5 potions of heal wounds
 z - 2 potions of flight
 A - 3 potions of berserk rage
 B - 5 potions of resistance
 D - a potion of haste
 F - a potion of invisibility
 J - 2 potions of stabbing
 O - a potion of magic
Miscellaneous
 Y - 2 phantom mirrors
Comestibles
 f - 43 rations


   Skills:
 + Level 15.8 Fighting
 + Level 15.6 Maces & Flails
 + Level 15.7 Armour
 + Level 15.7 Shields
 + Level 2.8 Hexes


You had 7 spell levels left.
You knew the following spells:

 Your Spells              Type           Power        Failure   Level  Hunger
a - Cause Fear            Hex            #.........   100%        4    #####..
b - Mephitic Cloud        Conj/Pois/Air  #.......     100%        3    ####...

Your spell library contained the following spells:

 Spells                   Type           Power        Failure   Level  Hunger
 Corona                   Hex            #......      86%         1    ##.....
 Slow                     Hex            #.......     95%         2    ###....
 Animate Skeleton         Necr           N/A          99%         1    ##.....
 Apportation              Tloc           #.....       99%         1    ##.....
 Foxfire                  Conj/Fire      #...         99%         1    ##.....
 Infusion                 Chrm           #...         99%         1    ##.....
 Summon Small Mammal      Summ           #...         99%         1    ##.....
 Corpse Rot               Necr/Air       N/A          100%        2    ###....
 Ignite Poison            Fire/Tmut/Pois #.......     100%        3    ####...
 Inner Flame              Hex/Fire       #.......     100%        3    ####...
 Portal Projectile        Hex/Tloc       #.....       100%        3    ####...
 Stone Arrow              Conj/Erth      #.....       100%        3    ####...
 Leda's Liquefaction      Hex/Erth       #.........   100%        4    #####..
 Excruciating Wounds      Chrm/Necr      #.........   100%        5    ######.
 Fireball                 Conj/Fire      #.........   100%        5    ######.
 Lightning Bolt           Conj/Air       #.........   100%        5    ######.
 Summon Forest            Summ/Tloc      #.........   100%        5    ######.
 Eringya's Noxious Bog    Tmut/Pois      #.........   100%        6    #######
 Hydra Form               Tmut           #.........   100%        6    #######
 Starburst                Conj/Fire      #.........   100%        6    #######
 Dragon Form              Tmut           #.........   100%        7    #######
 Ring of Flames           Chrm/Fire      #.........   100%        7    #######
 Summon Hydra             Summ           #.........   100%        7    #######
 Ignition                 Fire           #.........   100%        8    #######
 Dragon's Call            Summ           #.........   100%        9    #######


Dungeon Overview and Level Annotations

Branches:
Dungeon (13/15)            Temple (1/1) D:6            Lair (6/6) D:10
 Shoals (0/4) Lair:4        Snake (0/4) Lair:3        Slime (0/5) Lair:6
    Orc (1/2) D:11         Vaults (0/5) D:13        Volcano (visited)

Altars:
Ashenzari
Cheibriados
Dithmenos
Elyvilon
Fedhas
Gozag
Hepliaklqana
Kikubaaqudgha
Makhleb
Nemelex Xobeh
Okawaru
Qazlal
Ru
Sif Muna
Trog
Uskayaw
Vehumet
Wu Jian
Xom
Yredelemnul
Zin
The Shining One
Beogh
Jiyva

Shops:
D:4 =   D:10 }   D:12 :   Orc:1 *

Annotations:
D:2 1 runed translucent door, Crazy Yiuf


Innate Abilities, Weirdness & Mutations

You reflexively headbutt those who attack you in melee.
You have a pair of horns on your head.
Scrolls take you a little longer to read.
You are clumsy. (Dex -2)


Message History

The orc knight hits you but does no damage.
The orc warrior hits you with a +0 short sword!
You barely miss the orc knight.
You headbutt the orc knight, but do no damage.
The orc knight is heavily wounded.
The orc knight hits you with a +0 battleaxe!
You block the orc warrior's attack.
The orc knight hits you with a +0 great sword!!
You block the orc knight's attack.
The orc knight hits you with a +0 battleaxe!!
The orc knight roars a battlecry!
You climb upwards.
Welcome back to the Dungeon!
There is a staircase to the Orcish Mines, spattered with blood here.
You fail to use your ability.
You block the orc warrior's attack.
The orc knight hits you with a +0 great sword!!
* * * LOW HITPOINT WARNING * * *
The orc knight hits you with a +3 great sword!!
* * * LOW HITPOINT WARNING * * *
The orc knight hits you with a +0 battleaxe!!
You die...

#####...# #............# #
#....)#.######[...........##
..#####..#.[)[[.....#......#
.#######..[##()..(..####...###
## #....[.##()...(..#####....#
####.####..#[#######...####.(###
#....# #..#[#8..}8###.........##
..#### #..#.#.oo..# #######...).
.## #..#.'..@..# ##.### ##
#..#.#.oo[.# #..## #
##.#.#8...8# ##.## # #.#.#######
#..( # #...# #### # #####


You could see 3 orc knights and an orc warrior (strong).

Vanquished Creatures
  An orc warlord (D:11)
  6 hydras
  4 centaur warriors
  4 tengu warriors (D:13)
  2 two-headed ogres
  An ogre mage (D:13)
  The ghost of Yorgos the Blocker, a novice GnFi of Qazlal (D:9)
  An orc high priest (Orc:1)
  A hell knight (Volcano)
  A sun demon (Volcano)
  A skeletal warrior (D:13)
  2 lindwurms (Lair:2)
  5 orc knights
  2 wolf spiders (Lair:6)
  A manticore (D:11)
  A deep elf mage (D:13)
  2 cyclopes
  An orc sorcerer (Orc:1)
  3 ugly things
  2 oklob plants (Lair:4)
  A guardian serpent (Lair:6)
  10 elephants
  A merfolk siren (Lair:4)
  Maurice (D:9)
  2 molten gargoyles (Volcano)
  14 black mambas
  Psyche (D:9)
  3 gargoyles
  20 spiny frogs
  7 rime drakes
  5 komodo dragons
  3 yaktaurs (D:13)
  Prince Ribbit (D:7)
  9 trolls
  7 hornets
  A queen bee (D:9)
  7 dream sheep
  11 blink frogs
  9 hippogriffs
  10 slime creatures
  A water elemental (D:13)
  An air elemental (D:13)
  A redback (Lair:6)
  A spriggan (D:7)
  9 wyverns (Lair:6)
  28 yaks
  2 basilisks (Lair:4)
  2 fire bats (Volcano)
  A fire elemental (D:13)
  4 wargs
  An acid dragon (D:13)
  A soldier ant (D:13)
  15 water moccasins
  2 hell hounds (Volcano)
  8 porcupines
  Duvessa (D:7)
  A black bear (D:6)
  4 sky beasts
  2 phantoms
  2 ice beasts
  4 orc warriors
  10 ogres
  A necrophage (D:13)
  42 wolves
  11 centaurs
  5 big kobolds
  18 crocodiles
  11 bullfrogs
  5 gnoll sergeants (D:11)
  Blork the orc (D:5)
  A wyvern zombie (D:13)
  An earth elemental (D:13)
  2 wyvern skeletons
  Dowan (D:7)
  A scorpion (shapeshifter) (D:8)
  5 scorpions
  22 killer bees
  18 wights
  A howler monkey (D:6)
  6 crimson imps
  4 bullfrog zombies
  3 centaur zombies
  4 lava snakes (Volcano)
  11 hounds
  9 orc wizards
  4 orc priests
  3 jellies
  3 bullfrog skeletons
  2 iguanas
  Jessica (D:2)
  4 centaur skeletons
  Natasha (thrice) (D:4)
  9 worker ants
  A killer bee zombie (D:5)
  A hound zombie (D:8)
  Robin (D:2)
  3 gnolls (D:11)
  14 adders
  3 shadow imps
  3 oozes
  2 adder zombies
  An adder skeleton (D:4)
  2 worms
  2 dart slugs
  5 leopard geckos
  45 orcs
  5 giant cockroaches
  21 goblins
  5 hobgoblins
  9 jackals
  10 quokkas
  6 ball pythons (D:2)
  12 bats
  5 frilled lizards
  7 kobolds
  A quokka skeleton (D:5)
  9 rats
  A plant (Lair:4)
652 creatures vanquished.

Vanquished Creatures (others)
  8 fungi
  12 plants
20 creatures vanquished.

Grand Total: 672 creatures vanquished

Notes
Turn   | Place    | Note
-------+----------+-------------------------------------------
     0 | D:1      | BattleRest the Minotaur Fighter began the quest for the
                  | Orb.
     0 | D:1      | Reached XP level 1. HP: 19/19 MP: 0/0
    92 | D:1      | Reached XP level 2. HP: 22/27 MP: 1/1
   879 | D:2      | Reached XP level 3. HP: 33/33 MP: 2/2
  1116 | D:2      | Reached XP level 4. HP: 41/41 MP: 3/3
  1246 | D:2      | Noticed Robin
  1263 | D:2      | Killed Robin
  1518 | D:2      | Noticed Jessica
  1522 | D:2      | Killed Jessica
  1522 | D:2      | Reached XP level 5. HP: 39/47 MP: 4/4
  2048 | D:2      | Found a runed translucent door.
  2049 | D:2      | Noticed Crazy Yiuf
  2364 | D:3      | Found a white marble altar of Elyvilon.
  2468 | D:3      | Reached skill level 5 in Armour
  2468 | D:3      | Reached skill level 5 in Shields
  2484 | D:3      | Reached skill level 5 in Fighting
  2924 | D:3      | Noticed an ogre
  2930 | D:3      | Killed an ogre
  2930 | D:3      | Reached XP level 6. HP: 40/56 MP: 5/5
  3649 | D:4      | Reached XP level 7. HP: 59/62 MP: 6/6
  3938 | D:4      | Reached skill level 5 in Maces & Flails
  4177 | D:4      | Noticed Natasha
  4184 | D:4      | Killed Natasha
  4196 | D:4      | Noticed Natasha
  4203 | D:4      | Killed Natasha
  4263 | D:4      | Found Huschag's Jewellery Shoppe.
  4288 | D:4      | Noticed Natasha
  4301 | D:4      | Killed Natasha
  4426 | D:4      | Got a crystal short sword
  4427 | D:4      | Identified the cursed +1 short sword of Suafiph {speed, rF-
                  | rC+ rN++ Dex+3 SInv} (You found it on level 4 of the
                  | Dungeon)
  4457 | D:5      | Entered Level 5 of the Dungeon
  4550 | D:5      | Noticed Blork the orc
  4560 | D:5      | Killed Blork the orc
  4886 | D:5      | Reached XP level 8. HP: 71/71 MP: 7/7
  5731 | D:6      | Got a slimy mace
  5732 | D:6      | Identified the cursed +2 mace "Impbane" {vorpal, *Contam
                  | Int+7} (You found it on level 6 of the Dungeon)
  5827 | D:6      | Found a staircase to the Ecumenical Temple.
  6453 | D:7      | Reached XP level 9. HP: 81/81 MP: 8/8
  6473 | D:7      | Noticed Dowan
  6475 | D:7      | Noticed Duvessa
  6480 | D:7      | Killed Dowan
  6485 | D:7      | Killed Duvessa
  6607 | Temple   | Entered the Ecumenical Temple
  6696 | Temple   | Became a worshipper of Warmaster Okawaru
  6979 | D:7      | Noticed Prince Ribbit
  6986 | D:7      | Killed Prince Ribbit
  7172 | D:8      | Noticed a centaur warrior
  7183 | D:8      | Killed a centaur warrior
  7183 | D:8      | Reached * piety under Okawaru
  7243 | D:8      | Reached ** piety under Okawaru
  7590 | D:8      | Reached XP level 10. HP: 78/91 MP: 9/9
  8282 | D:8      | Found a shattered altar of Ashenzari.
  8464 | D:9      | Noticed Psyche
  8468 | D:9      | Killed Psyche
  8468 | D:9      | Reached skill level 10 in Fighting
  8468 | D:9      | Reached skill level 10 in Armour
  8519 | D:9      | Found a transporter.
  8521 | D:9      | Found a transporter.
  8522 | D:9      | Noticed Yorgos's ghost (novice GnFi)
  8579 | D:9      | Reached skill level 10 in Shields
  8584 | D:9      | Reached *** piety under Okawaru
  8613 | D:9      | Killed Yorgos's ghost
  8613 | D:9      | Reached skill level 10 in Maces & Flails
  8967 | D:9      | Noticed Maurice
  8981 | D:9      | Killed Maurice
  9069 | D:9      | Reached **** piety under Okawaru
  9429 | D:9      | Reached XP level 11. HP: 38/101 MP: 10/10
  9952 | D:10     | Entered Level 10 of the Dungeon
 10157 | D:10     | Found Kuitoin's Gadget Emporium.
 10404 | D:10     | Found a staircase to the Lair.
 10917 | D:10     | Reached ***** piety under Okawaru
 11476 | D:11     | Noticed a red ugly thing
 11484 | D:11     | Killed a red ugly thing
 11765 | D:11     | Received a gift from Okawaru
 11838 | D:11     | Found a gate leading to a gauntlet.
 11967 | D:11     | Found a staircase to the Orcish Mines.
 12198 | D:11     | Noticed a five-headed hydra
 12208 | D:11     | Killed a five-headed hydra
 12215 | D:11     | Gained mutation: Scrolls take you a little longer to read.
                  | [mutagenic glow]
 12615 | Lair:1   | Entered Level 1 of the Lair of Beasts
 12635 | Lair:1   | Reached XP level 12. HP: 109/112 MP: 11/11
 14067 | Lair:2   | Identified a scroll of acquirement
 14067 | Lair:2   | Got the +0 pair of boots of the Shining Light {rN+ Dex+5}
 14565 | Lair:2   | Reached ****** piety under Okawaru
 14565 | Lair:2   | Received a gift from Okawaru
 15126 | Lair:2   | Found the +2 Maxwell's thermic engine {flame, freeze}
 15784 | Lair:3   | Found a staircase to the Snake Pit.
 16437 | Lair:3   | Reached XP level 13. HP: 108/122 MP: 12/12
 17486 | Lair:4   | Found a staircase to the Shoals.
 17571 | Lair:4   | Found a dark tunnel.
 17587 | Volcano  | Entered a volcano
 17853 | Volcano  | Found a burning altar of Makhleb.
 17881 | Volcano  | Received a gift from Okawaru
 19858 | Lair:4   | Received a gift from Okawaru
 19861 | Lair:4   | Got a transparent dire flail {god gift}
 20058 | Lair:5   | Identified Ceygoosta's Guide on Aerial Boosts
 20567 | Lair:5   | Identified the +1 dire flail of Gluttony {vorpal, rPois}
                  | (Okawaru gifted it to you on level 4 of the Lair of Beasts)
 21217 | Lair:6   | Entered Level 6 of the Lair of Beasts
 21513 | Lair:6   | Reached XP level 14. HP: 124/133 MP: 13/13
 21626 | Lair:6   | Found a staircase to the Slime Pits.
 21627 | Lair:6   | Found a viscous altar of Jiyva.
 21683 | Lair:6   | Received a gift from Okawaru
 22072 | Lair:6   | Got a slimy tower shield {god gift}
 22083 | Lair:6   | Identified the -3 tower shield "Fuqal" {Dex+4} (Okawaru
                  | gifted it to you on level 6 of the Lair of Beasts)
 22427 | Lair:6   | Reached skill level 15 in Fighting
 22797 | Lair:6   | Reached skill level 15 in Armour
 22799 | Lair:6   | Reached skill level 15 in Shields
 22920 | Lair:6   | Learned a level 4 spell: Cause Fear
 22924 | Lair:6   | Learned a level 3 spell: Mephitic Cloud
 23085 | Lair:6   | Reached skill level 15 in Maces & Flails
 23651 | D:12     | Found Rotuduntun's Book Shop.
 24357 | D:13     | Reached skill level 1 in Hexes
 24737 | D:13     | Received a gift from Okawaru
 24816 | D:13     | Found a large runed translucent door.
 24816 | D:13     | Found a large runed translucent door.
 25318 | D:13     | Reached XP level 15. HP: 142/143 MP: 14/14
 25323 | D:13     | Received a gift from Okawaru
 25469 | D:13     | Found a gate to the Vaults.
 25697 | Orc:1    | Entered Level 1 of the Orcish Mines
 25713 | Orc:1    | Found Neyck's General Store.
 25749 | Orc:1    | Gained mutation: You are clumsy. (Dex -2) [a neqoxec]
 25799 | Orc:1    | Found a roughly hewn altar of Beogh.
 25799 | Orc:1    | Noticed an orc warlord
 25858 | D:11     | Killed an orc warlord
 25983 | D:11     | Mangled by an orc knight

Illustrated notes

Levels and vault maps discovered:
D:1:      beargit_arrival_greenhouse, layout_basic, grunt_decor_cap
D:2:      layout_loops_corners, corexii_item_surrounded_by_moat,
          minmay_snake_closets, uniq_jessica, uniq_crazy_yiuf_cottage,
          uniq_robin
D:3:      layout_basic, first_ration, elyvilon_altar_5
D:4:      layout_basic, serial_shops, nicolae_shop_behind_doors, uniq_natasha
D:5:      layout_basic, nrook_loot_triangle, uniq_blork_the_orc
D:6:      layout_basic, minmay_temple_entry_statues_fountains,
          minmay_misc_feat_tiny
D:7:      layout_basic, the_bakery, uniq_duvessa, uniq_prince_ribbit1
D:8:      cheibrodos_fzero, layout_rooms, kennysheep_little_box
D:9:      layout_gridville, gammafunk_ghost_hive, uniq_psyche, uniq_maurice
D:10:     layout_long_grid, erik_lair_orcish_takeover, serial_shops, shop,
          st_stairs_11
D:11:     layout_rooms, kennysheep_orc_monster_closet_entryway,
          gauntlet_entry_generic
D:12:     layout_irregular_city, serial_shops, shop
D:13:     layout_cave_pools, hangedman_vaults_entry_quadrant_bands,
          grunt_ministairs_12, lightli_elemental_guards
Temple:   dpeg_three_leaves_temple
Lair:1:   layout_chaotic_city, beast_lair_carwin_9, grunt_megastairs_1
Lair:2:   cheibrodos_lair_overgrown_chateau, layout_cave_pods,
          chequers_serial_rivers_large_b
Lair:3:   wander_river, layout_gridlike
Lair:4:   layout_regular_city, minmay_shoals_entry_lonely_mermaid,
          enter_volcano_1, serial_forest, infiniplex_forest_straight_2,
          infiniplex_forest_lined_room_2, infiniplex_forest_end_2,
          infiniplex_forest_lined_corner, infiniplex_forest_clump_medium,
          infiniplex_forest_clump_medium, infiniplex_forest_clump_C,
          grunt_megastairs_3, minmay_lair_oklob_chamber
Lair:5:   layout_cave_pods, ldierk_geyser, small_statue_intersection,
          minmay_lair_drake_nest
Lair:6:   hangedman_lair_tendril_chambers, layout_gridlike, slime_altar_1,
          grunt_forest_large_clearings
Orc:1:    layout_caves, special_room [special_room_orc], enter_bailey_2,
          guppyfry_orc_lava_fort, uniq_josephine, uniq_fannar, uniq_nergalle

Skill      XL: |  1  2  3  4  5  6  7  8  9 10 11 12 13 14 |
---------------+-------------------------------------------+-----
Shields        | 4 5 6 7 9 10 12 13 14 15 | 15.7
Fighting       | 4 5 6 7 9 10 12 13 14 15 | 15.8
Armour         | 4 5 6 7 9 10 12 13 14 15 | 15.7
Maces & Flails | 3 4 6 7 9 10 11 13 14 15 | 15.6
Hexes          | 2 |  2.8

Action                   |  1- 3 |  4- 6 |  7- 9 | 10-12 | 13-15 || total
-------------------------+-------+-------+-------+-------+-------++-------
Melee: Flail             |    70 |   214 |   180 |       |       ||   464
       Headbutt          |    11 |    36 |    70 |   228 |   414 ||   759
       Mace              |       |       |   120 |   785 |  1083 ||  1988
Invok: Heroism           |       |       |       |     7 |    16 ||    23
       Finesse           |       |       |       |       |     2 ||     2
  Use: Scroll            |       |     1 |     1 |    26 |    11 ||    39
       Potion            |       |       |     2 |     2 |     2 ||     6
  Eat: Chunk             |     1 |     8 |    13 |    22 |    28 ||    72
       Ration            |       |       |       |     2 |     1 ||     3
Armor: Scale mail        |    38 |    81 |       |       |       ||   119
       Plate armour      |       |    19 |   150 |   329 |   387 ||   885
Dodge: Dodged            |    24 |    48 |    54 |   159 |   233 ||   518
       Repelled          |       |       |       |     3 |    10 ||    13
Block: Kite shield       |    37 |   135 |   289 |   808 |   634 ||  1903
       Reflection        |       |       |     2 |    21 |    40 ||    63
       Tower shield      |       |       |       |       |   596 ||   596

Table legend:
 A = Non-vault XP
 B = Vault XP
 C = Vault XP percentage of total XP
 D = Non-vault monster count
 E = Vault monster count
 F = Vault count percentage of total count
                 A         B        C        D         E       F
            +---------+---------+-------+---------+---------+-------
      Total |   56894 |   54603 |  49.0 |     406 |     245 |  37.6
            +---------+---------+-------+---------+---------+-------
        D:1 |      39 |       0 |   0.0 |      17 |       0 |   0.0
        D:2 |      48 |     165 |  77.5 |      19 |      25 |  56.8
        D:3 |     221 |       0 |   0.0 |      32 |       0 |   0.0
        D:4 |     478 |      35 |   6.8 |      18 |       1 |   5.3
        D:5 |     932 |      91 |   8.9 |      32 |       1 |   3.0
        D:6 |     663 |       0 |   0.0 |      11 |       0 |   0.0
        D:7 |     381 |     704 |  64.9 |       3 |       4 |  57.1
        D:8 |    1680 |    1566 |  48.2 |      17 |      10 |  37.0
        D:9 |    1663 |    2742 |  62.2 |      28 |      12 |  30.0
       D:10 |    3063 |    1227 |  28.6 |      26 |      12 |  31.6
       D:11 |    3978 |    3863 |  49.3 |      30 |      22 |  42.3
       D:12 |    1922 |       0 |   0.0 |      16 |       0 |   0.0
       D:13 |   11273 |    7665 |  40.5 |      40 |      27 |  40.3
     Lair:1 |    2688 |    3061 |  53.2 |      15 |      11 |  42.3
     Lair:2 |    4712 |    4584 |  49.3 |      20 |      16 |  44.4
     Lair:3 |    5886 |       0 |   0.0 |      17 |       0 |   0.0
     Lair:4 |    5308 |    3560 |  40.1 |      22 |      11 |  33.3
     Lair:5 |    6941 |    2476 |  26.3 |      23 |       8 |  25.8
     Lair:6 |    4722 |   13747 |  74.4 |      19 |      61 |  76.2
      Orc:1 |     296 |    4591 |  93.9 |       1 |      10 |  90.9
    Volcano |       0 |    4526 | 100.0 |       0 |      14 | 100.0
            +---------+---------+-------+---------+---------+-------
